 Dungeon Crawl Stone Soup version 0.27-a0-445-gbe96e517c0 (webtiles) character file.

Game seed: 9308340219303752392

146083 Nattfarinn the Fighter (level 17, -6/96 HPs)
             Began as a Vine Stalker Transmuter on Feb 26, 2021.
             Was the Champion of Okawaru.
             Mangled by a black mamba (11 damage)
             ... on level 2 of the Snake Pit on Feb 27, 2021.
             The game lasted 02:05:14 (32781 turns).

Nattfarinn the Fighter (Vine Stalker Transmuter)   Turns: 32781, Time: 02:05:15

Health: -6/96      AC: 19    Str: 17    XL:     17   Next: 43%
Magic:  0/31       EV: 22    Int: 33    God:    Okawaru [******]
Gold:   271        SH:  5    Dex: 23    Spells: 8/34 levels left

rFire    . . .     SeeInvis .     - Unarmed
rCold    + . .     Faith    .   (shield currently unavailable)
rNeg     . . .     Spirit   +   D - +3 troll leather armour
rPois    .         Reflect  +   F - +2 hat {Int+3}
rElec    .         Harm     .   E - +1 cloak of Depression {rC+ Regen+ Str-4 Int+2 Dex+2}
rCorr    .         Rampage  .   (gloves currently unavailable)
Will     ++...                  S - +1 pair of boots of Distant Worlds {Str-3 Int+7 Dex+4}
Stlth    ++........             I - amulet of reflection
HPRegen  3.26/turn              J - ring "Fiaheygama" {Str+6 Int+8}
MPRegen  0.22/turn              y - +4 ring of protection

@: blade hands
A: fangs 3, regeneration 1, magic shield, antimagic bite, no potion heal 3
a: End Transformation, Renounce Religion, Heroism, Finesse


You were on level 2 of the Snake Pit.
You worshipped Okawaru.
Okawaru was exalted by your worship.
You had blades for hands.
You visited 5 branches of the dungeon, and saw 27 of its levels.
You also visited: Gauntlet.

You collected 2441 gold pieces.
You spent 2170 gold pieces at shops.

Inventory:

Hand Weapons
 W - the +6 shillelagh "Devastator" {shatter}
   (You found it in a Gauntlet)
 Y - the +3 Elemental Staff (melded) {rElec rF++ rC++ Will++ AC+5}
   (You found it on level 12 of the Dungeon)

   It affects your AC (+5).
   It greatly protects you from fire.
   It greatly protects you from cold.
   It insulates you from electricity.
   It affects your willpower, your defense against some magical effects.
Missiles
 M - 8 atropa-tipped darts
Armour
 a - a +3 kite shield of protection (melded)
 d - the +4 pair of gloves of Sloth (melded) {rPois rN+++ rCorr Int-3}
   (You found it on level 15 of the Dungeon)

   It affects your intelligence (-3).
   It protects you from poison.
   It renders you almost immune to negative energy.
   It provides partial protection from all sources of acid and corrosion.
 D - a +3 troll leather armour (worn)
 E - the +1 cloak of Depression (worn) {rC+ Regen+ Str-4 Int+2 Dex+2}
   (You found it in a Gauntlet)

   It affects your strength (-4).
   It affects your intelligence (+2).
   It affects your dexterity (+2).
   It protects you from cold.
   It increases your rate of regeneration.
 F - a +2 hat of intelligence (worn)
 S - the +1 pair of boots of Distant Worlds (worn) {Str-3 Int+7 Dex+4}
   (You found it in a Gauntlet)

   It affects your strength (-3).
   It affects your intelligence (+7).
   It affects your dexterity (+4).
Jewellery
 c - an amulet of the acrobat
 y - a +4 ring of protection (right scythe-like blade)
 I - an amulet of reflection (around neck)
 J - the ring "Fiaheygama" (left scythe-like blade) {Str+6 Int+8}
   (You acquired it on level 6 of the Lair of Beasts)

   [ring of strength]

   It affects your strength (+6).
   It affects your intelligence (+8).
 P - the ring of the Camelopard {rC+ Dex+2}
   (You found it on level 6 of the Lair of Beasts)

   [ring of protection from cold]

   It affects your dexterity (+2).
   It protects you from cold.
Wands
 t - a wand of charming (10)
 u - a wand of flame (13)
 x - a wand of polymorph (14)
 G - a wand of mindburst (21)
 L - a wand of iceblast (37)
 X - a wand of paralysis (9)
Scrolls
 b - 4 scrolls of amnesia
 e - a scroll of enchant weapon {unknown}
 h - 2 scrolls of immolation
 i - 2 scrolls of holy word
 j - 4 scrolls of magic mapping
 k - 6 scrolls of fog
 q - 4 scrolls of teleportation
 v - 2 scrolls of identify
 A - 4 scrolls of fear
 B - 2 scrolls of vulnerability {unknown}
 K - 3 scrolls of silence
 O - a scroll of summoning {unknown}
 Q - a scroll of enchant armour
Potions
 f - 7 potions of curing
 g - 3 potions of berserk rage
 l - a potion of lignification {unknown}
 m - a potion of invisibility
 n - 6 potions of might
 o - 3 potions of cancellation {unknown}
 p - 3 potions of flight
 r - 9 potions of haste
 s - 2 potions of magic
 w - 3 potions of ambrosia
 z - 5 potions of brilliance
 C - 2 potions of attraction {unknown}
 Z - 2 potions of mutation {unknown}
Miscellaneous
 H - a box of beasts
 T - a tin of tremorstones (2/2)


   Skills:
 * Level 13.9 Fighting
 - Level 9.9 Armour
 - Level 10.1 Dodging
 - Level 13.5 Shields
 + Level 13.0 Unarmed Combat
 - Level 9.1 Spellcasting
 - Level 10.1 Transmutations


You had 8 spell levels left.
You knew the following spells:

 Your Spells              Type           Power        Failure   Level
a - Beastly Appendage     Tmut           100%         6%          1
b - Spider Form           Tmut/Pois      24%          17%         3
c - Blade Hands           Tmut           35%          19%         5
d - Ice Form              Ice/Tmut       48%          30%         4
e - Statue Form           Tmut/Erth      32%          90%         6
f - Dragon Form           Tmut           35%          83%         7

Your spell library contained the following spells:

 Spells                   Type           Power        Failure   Level
 Wereblood                Tmut           70%          7%          2
 Apportation              Tloc           30%          28%         1
 Corona                   Hex            16%          28%         1
 Foxfire                  Conj/Fire      60%          28%         1
 Magic Dart               Conj           60%          28%         1
 Summon Small Mammal      Summ           60%          28%         1
 Blink                    Tloc           N/A          34%         2
 Call Imp                 Summ           15%          34%         2
 Ensorcelled Hibernation  Hex/Ice        30%          34%         2
 Searing Ray              Conj           30%          34%         2
 Slow                     Hex            15%          34%         2
 Call Canine Familiar     Summ           15%          47%         3
 Confusing Touch          Hex            15%          47%         3
 Conjure Flame            Conj/Fire      15%          47%         3
 Dazzling Flash           Conj/Hex       30%          47%         3
 Inner Flame              Hex/Fire       15%          47%         3
 Lesser Beckoning         Tloc           7%           47%         3
 Mephitic Cloud           Conj/Pois/Air  15%          47%         3
 Portal Projectile        Hex/Tloc       30%          47%         3
 Summon Guardian Golem    Hex/Summ       15%          47%         3
 Tukima's Dance           Hex            15%          47%         3
 Alistair's Intoxication  Tmut/Pois      32%          50%         5
 Animate Armour           Summ/Erth      30%          77%         4
 Cause Fear               Hex            7%           77%         4
 Fulminant Prism          Conj/Hex       7%           77%         4
 Iskenderun's Mystic Bla  Conj/Tloc      15%          77%         4
 Leda's Liquefaction      Hex/Erth       7%           77%         4
 Sticky Flame             Conj/Fire      15%          77%         4
 Summon Ice Beast         Ice/Summ       15%          77%         4
 Summon Lightning Spire   Summ/Air       15%          77%         4
 Bolt of Magma            Conj/Fire/Erth 7%           95%         5
 Fireball                 Conj/Fire      7%           95%         5
 Iskenderun's Battlesphe  Conj           15%          95%         5
 Invisibility             Hex            15%          100%        6
 Iron Shot                Conj/Erth      7%           100%        6
 Haunt                    Necr/Summ      7%           100%        7
 Malign Gateway           Summ/Tloc      7%           100%        7
 Monstrous Menagerie      Summ           7%           100%        7
 Orb of Destruction       Conj           7%           100%        7
 Spellforged Servitor     Conj/Summ      7%           100%        7
 Summon Horrible Things   Summ           7%           100%        8
 Dragon's Call            Summ           7%           100%        9
 Shatter                  Erth           7%           100%        9


Dungeon Overview and Level Annotations

Branches:
Dungeon (15/15)            Temple (1/1) D:7            Lair (6/6) D:10
  Swamp (0/4) Lair:2        Snake (3/4) Lair:3        Slime (0/5) Lair:6
    Orc (2/2) D:11            Elf (0/3) Orc:2        Vaults (0/5) D:14
 Depths (0/5) D:15        Gauntlet (visited)

Altars:
Ashenzari
Cheibriados
Dithmenos
Elyvilon
Gozag
Hepliaklqana
Kikubaaqudgha
Makhleb
Nemelex Xobeh
Okawaru
Qazlal
Ru
Sif Muna
Trog
Uskayaw
Vehumet
Wu Jian
Xom
Yredelemnul
Zin
The Shining One
Beogh
Jiyva

Shops:
Orc:2 (*:[   Snake:1 ([   Snake:2 =::

Portals:
Trove: D:10 (give 6 scrolls of fog)

Annotations:
D:7 1 runed translucent door, pablusdiablus's ghost, novice MiBe
Lair:6 exclusion: oklob plant


Innate Abilities, Weirdness & Mutations

You have razor-sharp teeth.
Your natural rate of healing is unusually fast.
When hurt, damage is shared between your health and your magic reserves.
Your bite disrupts and absorbs the magic of your enemies.
Potions cannot restore your health.


Message History

You block the naga's attack. The naga completely misses you.
The black mamba barely misses you. The black mamba closely misses you.
Unknown command.
You slash the black mamba! Your bite misses the black mamba.
The black mamba is moderately wounded.
You feel very sick.
The salamander hits you but does no damage.
The black mamba completely misses you. You block the black mamba's attack.
The black mamba misses you.
You closely miss the black mamba. Your bite misses the black mamba.
The black mamba is moderately wounded.
You feel very sick. You block the black mamba's attack.
The black mamba misses you. The black mamba closely misses you.
The naga spits poison at you. The splash of poison misses you.
The salamander hits you from afar with a +0 spear.
You are engulfed in flames!
The black mamba misses you.
You are too injured to fight recklessly!
You are too injured to fight recklessly!
You are too injured to fight recklessly!
Unknown command.
You feel very sick. The black mamba misses you. The black mamba bites you!
You block the black mamba's attack. The black mamba bites you!
* * * LOW HITPOINT WARNING * * *
The black mamba closely misses you. The naga misses you.
The naga closely misses you.
The salamander hits you from afar with a +0 spear!
* * * LOW HITPOINT WARNING * * *
You are engulfed in flames!
* * * LOW HITPOINT WARNING * * *
You climb upwards.
* * * LOW HITPOINT WARNING * * *
You feel very sick.
There is a stone staircase leading down here.
Your system rejects the healing.
You feel better. You block the black mamba's attack.
The black mamba completely misses you. The black mamba bites you!
You die...

##.....#........##♣♣♣♣♣ #.#
##.######...#...####### #.#
######## ##.#......#...### ##.#
#......###.#.............####..#
........##..........##.##...#..#
....................##.#####...##
..........#..........##)# ##...#
...............S.....##)## ##...
................@S....#).# ##..##
...............N.S....##.###....#
#........#............##..#..##.#
#.....................##..##.....
#................).......#####...
#..........#............## ###..
.###.....#.#...)........# ##....
.# ##...###.............####.....
.######## #............#..#......


You could see 3 black mambas and a naga (catching breath).

Vanquished Creatures
  A nagaraja (Snake:2)
  2 orc warlords
  2 entropy weavers (Lair:3)
  5 dire elephants (Lair:6)
  A minotaur (Gauntlet)
  Josephine (D:14)
  Harold (Orc:1)
  5 vault guards
  6 naga warriors
  14 hydras
  A rakshasa (D:14)
  4 boulder beetles
  A catoblepas (D:15)
  2 ogre magi (D:15)
  11 two-headed ogres
  5 anacondas
  2 centaur warriors (D:15)
  6 tengu warriors
  4 death yaks (Lair:6)
  An orc high priest (Orc:2)
  Urug (Lair:2)
  4 naga sharpshooters
  A shock serpent (Snake:1)
  An unseen horror (D:15)
  5 fire crabs (Lair:3)
  2 naga ritualists
  2 swamp dragons (Snake:1)
  3 wizards
  5 deep elf pyromancers
  8 mana vipers
  4 orc knights
  8 orc sorcerers
  A wolf spider (Lair:1)
  A wolf spider zombie (D:14)
  12 ugly things
  3 salamanders (Snake:2)
  A cyclops (D:14)
  3 manticores
  A worldbinder (Gauntlet)
  11 elephants
  7 cane toads
  9 centaur zombies
  25 black mambas
  A gargoyle (D:14)
  2 guardian serpents
  9 naga magi
  3 rime drakes
  4 centaur skeletons
  An ice devil (Gauntlet)
  A kobold demonologist (D:13)
  2 tengu conjurers
  9 komodo dragons
  A jumping spider (Lair:1)
  3 meliai (D:15)
  14 trolls
  3 polar bears
  A meliai zombie (D:11)
  3 tyrant leeches
  7 blink frogs
  6 slime creatures (D:12)
  2 hornets
  11 dream sheep
  A redback (Lair:1)
  6 wyverns
  A shadow (D:14)
  56 yaks
  4 wraiths (D:14)
  4 hogs (D:9)
  A human (D:9)
  A steam dragon (Lair:3)
  5 wargs
  4 basilisks
  9 vampire mosquitoes
  A swamp worm (Snake:1)
  21 nagas
  2 acid dragons
  14 water moccasins
  2 swamp drakes (Snake:1)
  38 orc warriors
  A necrophage (D:13)
  17 ogres
  6 sky beasts
  2 eyes of draining
  6 wolves
  3 boggarts (Gauntlet)
  4 centaurs
  6 phantoms
  Blork the orc (D:4)
  A kobold brigand (D:10)
  18 bullfrogs
  4 scorpions
  A water moccasin skeleton (D:7)
  16 killer bees
  15 wights
  A howler monkey (D:8)
  An electric eel (D:9)
  4 jellies
  5 bullfrog skeletons
  7 hounds
  2 bullfrog zombies
  21 orc priests
  4 iguanas
  17 orc wizards
  7 worker ants
  2 hound zombies (D:8)
  2 hound skeletons
  3 worker ant zombies
  9 adders
  3 shadow imps (Gauntlet)
  8 white imps
  2 ufetubi
  An adder skeleton (D:5)
  5 worms
  A dart slug (D:3)
  6 leopard geckos
  93 orcs
  2 bat skeletons (D:6)
  4 bat zombies (D:6)
  A giant cockroach (D:4)
  8 goblins
  7 hobgoblins
  6 jackals
  10 kobolds
  6 quokkas
  9 bats
  4 frilled lizards
  A leopard gecko skeleton (D:4)
  7 rats
816 creatures vanquished.

Vanquished Creatures (collateral kills)
  3 shadow imps (D:3)
  A dart slug (D:4)
  An orc (D:4)
5 creatures vanquished.

Vanquished Creatures (others)
  A hydra (D:14)
  A meliai simulacrum (D:14)
  An orc (Orc:1)
  19 fungi
  38 plants
  4 toadstools (D:1)
64 creatures vanquished.

Grand Total: 885 creatures vanquished

Notes
Turn   | Place    | Note
-------+----------+-------------------------------------------
     0 | D:1      | Nattfarinn the Vine Stalker Transmuter began the quest for
                  | the Orb.
     0 | D:1      | Reached XP level 1. HP: 9/9 MP: 4/4
   450 | D:1      | Reached XP level 2. HP: 6/14 MP: 1/6
  1154 | D:2      | Reached XP level 3. HP: 8/17 MP: 4/7
  1324 | D:2      | Learned a level 3 spell: Spider Form
  1994 | D:2      | Found a white marble altar of Elyvilon.
  2168 | D:2      | Gained mutation: Your natural rate of healing is unusually
                  | fast. [Vine Stalker growth]
  2168 | D:2      | Reached XP level 4. HP: 21/21 MP: 6/8
  2271 | D:2      | Found a bloodstained altar of Trog.
  2857 | D:3      | Found a transporter.
  2875 | D:3      | Found a transporter.
  3086 | D:3      | Found a sacrificial altar of Ru.
  3244 | D:3      | Found a shimmering blue altar of Sif Muna.
  3453 | D:3      | Reached XP level 5. HP: 25/25 MP: 7/9
  3475 | D:3      | Reached skill level 5 in Unarmed Combat
  3543 | D:4      | Noticed a phantom
  3626 | D:4      | Killed a phantom
  3627 | D:4      | Reached XP level 6. HP: 21/29 MP: 2/10
  3842 | D:4      | Noticed Blork the orc
  3855 | D:4      | Killed Blork the orc
  4195 | D:4      | Reached XP level 7. HP: 29/32 MP: 6/11
  4273 | D:4      | Found a basalt altar of Yredelemnul.
  4320 | D:4      | Found a broken altar of Ashenzari.
  4419 | D:4      | Found an ornate altar of the Wu Jian Council.
  4560 | D:5      | Entered Level 5 of the Dungeon
  4583 | D:5      | Reached skill level 5 in Transmutations
  4736 | D:5      | Found an opulent altar of Gozag.
  5031 | D:5      | Found a burning altar of Makhleb.
  5468 | D:5      | Gained mutation: You have razor-sharp teeth. [Vine Stalker
                  | growth]
  5468 | D:5      | Reached XP level 8. HP: 29/37 MP: 6/12
  5816 | D:6      | Found a snail-covered altar of Cheibriados.
  6222 | D:6      | Learned a level 5 spell: Blade Hands
  6879 | D:6      | Found an ancient bone altar of Kikubaaqudgha.
  7283 | D:6      | Reached XP level 9. HP: 28/40 MP: 6/13
  7488 | D:7      | Reached skill level 10 in Transmutations
  7511 | D:7      | Found a runed translucent door.
  7511 | D:7      | Found a basalt altar of Yredelemnul.
  7518 | D:7      | Noticed pablusdiablus's ghost (novice MiBe)
  7637 | D:7      | Found an iron altar of Okawaru.
  8030 | D:7      | Found a staircase to the Ecumenical Temple.
  8038 | Temple   | Entered the Ecumenical Temple
  8312 | D:7      | Became a worshipper of Warmaster Okawaru
  9048 | D:8      | HP: 1/40 [orc warrior/+0 short sword (17)]
  9334 | D:8      | Found a broken altar of Ashenzari.
  9346 | D:8      | Reached * piety under Okawaru
  9404 | D:8      | Found a sparkling altar of Nemelex Xobeh.
  9618 | D:8      | Reached skill level 10 in Unarmed Combat
  9618 | D:8      | Reached XP level 10. HP: 41/44 MP: 12/14
  9646 | D:8      | Reached skill level 1 in Fighting
 10197 | D:8      | Reached ** piety under Okawaru
 10783 | D:9      | Reached skill level 5 in Fighting
 10791 | D:9      | Reached *** piety under Okawaru
 11036 | D:9      | Reached skill level 5 in Spellcasting
 11111 | D:9      | Learned a level 4 spell: Ice Form
 11428 | D:9      | Found a roughly hewn altar of Beogh.
 11603 | D:10     | Entered Level 10 of the Dungeon
 11640 | D:10     | Reached XP level 11. HP: 52/57 MP: 16/20
 11781 | D:10     | Found a staircase to the Lair.
 11814 | D:10     | Noticed a two-headed ogre
 11823 | D:10     | Killed a two-headed ogre
 12107 | D:10     | Noticed a two-headed ogre
 12112 | D:10     | Killed a two-headed ogre
 12112 | D:10     | Reached **** piety under Okawaru
 12320 | D:10     | Noticed a two-headed ogre
 12334 | D:10     | Killed a two-headed ogre
 12393 | D:10     | Noticed a vault guard
 12398 | D:10     | Killed a vault guard
 12415 | D:10     | Found a portal to a secret trove of treasure.
 12584 | Lair:1   | Entered Level 1 of the Lair of Beasts
 12738 | Lair:1   | Found a runed translucent door.
 12935 | Lair:1   | Noticed a wolf spider
 13039 | Lair:1   | Killed a wolf spider
 13039 | Lair:1   | Reached ***** piety under Okawaru
 13039 | Lair:1   | Received a gift from Okawaru
 13163 | Lair:1   | Identified the +10 whip of Conflict {speed, rN+ Int+7}
 13168 | Lair:1   | Noticed a boulder beetle
 13180 | Lair:1   | Killed a boulder beetle
 13893 | Lair:2   | Noticed a four-headed hydra
 13932 | Lair:2   | Killed a four-headed hydra
 13933 | Lair:2   | Reached skill level 10 in Fighting
 13933 | Lair:2   | Reached XP level 12. HP: 41/67 MP: 10/25
 14328 | Lair:2   | Noticed Urug
 14337 | Lair:2   | Killed Urug
 14337 | Lair:2   | Received a gift from Okawaru
 14696 | Lair:2   | Noticed a six-headed hydra
 14709 | Lair:2   | Killed a six-headed hydra
 14828 | Lair:2   | Found a staircase to the Swamp.
 15298 | Lair:3   | Reached skill level 1 in Armour
 15338 | Lair:3   | Found a staircase to the Snake Pit.
 15395 | Lair:3   | Found a runed translucent door.
 15555 | Lair:3   | Identified a scroll of acquirement
 15556 | Lair:3   | Acquired a +0 cloak of stealth
 15607 | Lair:3   | Reached ****** piety under Okawaru
 15805 | Lair:3   | Noticed a seven-headed hydra
 15834 | Lair:3   | Killed a seven-headed hydra
 15835 | Lair:3   | Reached XP level 13. HP: 44/74 MP: 9/27
 15990 | Lair:3   | Reached skill level 5 in Dodging
 16563 | Lair:3   | Noticed an entropy weaver
 16667 | Lair:3   | Killed an entropy weaver
 16668 | Lair:3   | Reached skill level 5 in Armour
 16838 | Lair:3   | Noticed an entropy weaver
 17062 | Lair:3   | Killed an entropy weaver
 17788 | Lair:4   | Received a gift from Okawaru
 18420 | Lair:5   | Found a gate leading to a gauntlet.
 18429 | Gauntlet | Entered a Gauntlet
 18429 | Gauntlet | Found a runed translucent door.
 18429 | Gauntlet | Found a transporter.
 18429 | Gauntlet | Found a runed translucent door.
 18429 | Gauntlet | Found a transporter.
 18441 | Gauntlet | Found a transporter.
 18459 | Gauntlet | Found a transporter.
 18459 | Gauntlet | Found a transporter.
 18459 | Gauntlet | Found a transporter.
 18461 | Gauntlet | Found a transporter.
 18461 | Gauntlet | Found a transporter.
 18466 | Gauntlet | Noticed a dire elephant
 18474 | Gauntlet | Found a transporter.
 18490 | Gauntlet | Found a transporter.
 18499 | Gauntlet | Found a transporter.
 18499 | Gauntlet | Noticed a green death
 18503 | Gauntlet | Found a runed translucent door.
 18517 | Gauntlet | Found a transporter.
 18534 | Gauntlet | Found a transporter.
 18551 | Gauntlet | Found a transporter.
 18857 | Gauntlet | Identified the +1 cloak of Depression {rC+ Regen+ Str-4
                  | Int+2 Dex+2}
 18941 | Gauntlet | Received a gift from Okawaru
 18989 | Gauntlet | Identified the +1 pair of boots of Distant Worlds {Str-3
                  | Int+7 Dex+4}
 18998 | Gauntlet | Noticed a minotaur
 19011 | Gauntlet | Killed a minotaur
 19091 | Gauntlet | Found the +6 shillelagh "Devastator" {shatter}
 19297 | Lair:5   | Reached XP level 14. HP: 79/79 MP: 23/28
 19324 | Lair:5   | Upgraded the game from 0.27-a0-419-g7a85846853 to
                  | 0.27-a0-445-gbe96e517c0
 19892 | Lair:6   | Entered Level 6 of the Lair of Beasts
 20750 | Lair:6   | Found a viscous altar of Jiyva.
 20751 | Lair:6   | Found a staircase to the Slime Pits.
 21506 | Lair:6   | Received a gift from Okawaru
 21612 | Lair:6   | Noticed a dire elephant
 21612 | Lair:6   | Noticed a dire elephant
 21631 | Lair:6   | Killed a dire elephant
 21641 | Lair:6   | Noticed a dire elephant
 21742 | Lair:6   | Killed a dire elephant
 21780 | Lair:6   | Noticed a dire elephant
 21790 | Lair:6   | Killed a dire elephant
 21823 | Lair:6   | Killed a dire elephant
 21923 | Lair:6   | Noticed a dire elephant
 21937 | Lair:6   | Killed a dire elephant
 21978 | Lair:6   | Identified the ring of the Camelopard {rC+ Dex+2}
 21989 | Lair:6   | Acquired the ring "Fiaheygama" {Str+6 Int+8}
 22227 | D:11     | Found a staircase to the Orcish Mines.
 22462 | D:11     | Reached skill level 10 in Dodging
 23160 | D:12     | Reached skill level 1 in Shields
 23180 | D:12     | Reached XP level 15. HP: 53/83 MP: 24/29
 23367 | D:12     | Reached skill level 5 in Shields
 23475 | D:12     | Found the +3 Elemental Staff {rElec rF++ rC++ Will++ AC+5}
 23484 | D:12     | Received a gift from Okawaru
 23682 | D:12     | Identified the +5 glaive "Wemighuc" {venom, rC+ rN+ Will+
                  | Int+2}
 24519 | D:13     | Reached skill level 10 in Shields
 25269 | D:14     | Noticed Josephine
 25281 | D:14     | Killed Josephine
 25342 | D:14     | Found a gate to the Vaults.
 25416 | D:14     | Received a gift from Okawaru
 26479 | D:15     | Entered Level 15 of the Dungeon
 26482 | D:15     | Identified the +4 pair of gloves of Sloth {rPois rN+++
                  | rCorr Int-3}
 26603 | D:15     | Found a staircase to the Depths.
 26612 | D:15     | Reached XP level 16. HP: 87/87 MP: 30/30
 26922 | D:15     | Received a gift from Okawaru
 27758 | Orc:1    | Entered Level 1 of the Orcish Mines
 27920 | Orc:1    | Noticed Harold
 27933 | Orc:1    | Killed Harold
 28017 | Orc:1    | You fall into a shaft and drop 1 floor!
 28017 | Orc:2    | Entered Level 2 of the Orcish Mines
 28038 | Orc:2    | Received a gift from Okawaru
 28206 | Orc:2    | Received a gift from Okawaru
 28267 | Orc:2    | Found a roughly hewn altar of Beogh.
 28304 | Orc:2    | Paralysed by an orc sorcerer for 4 turns
 28580 | Orc:2    | Found a staircase to the Elven Halls.
 28592 | Orc:2    | Found Ukitel's General Store.
 28774 | Orc:2    | Found Ociopp's Antique Armour Shoppe.
 28799 | Orc:2    | Found Gierhor's Book Shoppe.
 28834 | Orc:2    | Found Bukeac's Antique Weapon Shoppe.
 29543 | Snake:1  | Entered Level 1 of the Snake Pit
 30357 | Snake:1  | Received a gift from Okawaru
 30364 | Snake:1  | Reached XP level 17. HP: 29/94 MP: 4/31
 30700 | Snake:1  | Found Yhurah's Weapon Emporium.
 30708 | Snake:1  | Found Deijulaf's Armour Emporium.
 31464 | Snake:2  | Found Tetiw's Jewellery Shoppe.
 31464 | Snake:2  | Found Sen Luy's Book Shop.
 31465 | Snake:2  | Found Tibegoar's Book Shop.
 31479 | Snake:2  | Bought a book of the Earth for 910 gold pieces
 31479 | Snake:2  | Bought a book of the Dragon for 1260 gold pieces
 31486 | Snake:2  | Learned a level 6 spell: Statue Form
 31494 | Snake:2  | Learned a level 7 spell: Dragon Form
 31868 | Snake:2  | Identified the +1 plate armour of Absolutism {Harm Int+3}
                  | (Okawaru gifted it to you on level 2 of the Snake Pit)
 31868 | Snake:2  | Received a gift from Okawaru
 32779 | Snake:3  | HP: 3/96 [salamander/+0 spear (9)]
 32781 | Snake:2  | Mangled by a black mamba

Illustrated notes

Levels and vault maps discovered:
D:1:      ldierk_walled_garden_2, layout_rooms
D:2:      layout_basic, nicolae_overflow_crystal_walls, lemuel_round_altar
D:3:      gammafunk_wand_slinger, layout_rooms, lemuel_crystal_altar,
          led_sif_pool
D:4:      layout_loops_cross, pdpol_wu_jian_five_deadly_venoms, kennysheep_mini,
          kennysheep_mini_moat, minivault_26, uniq_blork_the_orc
D:5:      layout_gridville, makhleb_blood_cavern_becter, grunt_gozag_statues
D:6:      layout_basic, kennysheep_vampire_church,
          nicolae_overflow_hidden_temple, cheibriados_altar_1
D:7:      layout_layer_cave, old_standard_altar, temple_fountains, basic_altar,
          ebering_ghost_inner_flame, minmay_crystal_water
D:8:      layout_loops_ring, nemelex_xobeh_ov_fountains_minmay,
          ashenzari_altar_1
D:9:      layout_basic, special_room [special_room_orc],
          chequers_serial_rivers_small_b, grunt_livestock
D:10:     layout_roguey, lair_entry_dummy, enter_trove_5
D:11:     layout_loops_corners, orc_david_3, hex_tiny
D:12:     layout_rooms, minmay_the_grid_square_5x5_3x3_mashed
          [minmay_the_grid_square_5x5_forky, minmay_the_grid_square_5x5_tie,
          minmay_the_grid_square_5x5_eight, minmay_the_grid_square_5x5_c,
          minmay_the_grid_square_5x5_megaprize_checkered,
          minmay_the_grid_square_5x5_inverted_slash,
          minmay_the_grid_square_5x5_n, minmay_the_grid_square_5x5_beaten_path,
          minmay_the_grid_square_5x5_slash]
D:13:     layout_long_grid, minmay_door_square
D:14:     layout_small_grid, lightli_vaults_fourway_checkpoint, nrook_uturn,
          lemuel_flamethrower_2, uniq_josephine
D:15:     grunt_enter_depths_magical_seal, layout_basic, minmay_statues_item,
          nrook_guardian_serpent_ordinary
Temple:   kb_temple_of_zot
Lair:1:   gammafunk_indiana_jones, layout_misc_corridors
Lair:2:   nzn_winding_woodlands_small [nzn_winding_woodlands_5x15_crooked,
          nzn_winding_woodlands_center_pierced_h,
          nzn_winding_woodlands_5x15_pathside_ponds], layout_long_grid,
          minmay_swamp_entry_worms, uniq_urug
Lair:3:   gammafunk_mikee_crab_dinner, layout_cave_pods,
          minmay_snake_entry_guardpost_small
Lair:4:   layout_loops_ring
Lair:5:   layout_concentric_octagons, gauntlet_entry_generic, lemuel_fruit_tree,
          grunt_megastairs_3, infiniplex_staircase_pool
Lair:6:   due_jungle_book, layout_regular_city, slime_altar_1,
          grunt_megastairs_5
Snake:1:  onia_ninara_swampy_vault, layout_misc_corridors, st_stairs_13,
          minmay_shop_star
Snake:2:  layout_chambers, minmay_shop_grove
Snake:3:  layout_cave_town, serial_bayou_lake_a, uniq_aizul
Orc:1:    layout_caves, uniq_harold, uniq_sonja
Orc:2:    grunt_orc_cross, layout_caves

Skill      XL: |  1  2  3  4  5  6  7  8  9 10 11 12 13 14 15 16 17 |
---------------+----------------------------------------------------+-----
Unarmed Combat | 4 5 6 10 12 13 | 13.0
Transmutations | 3 4 6 9 10 | 10.1
Fighting       | 6 10 11 12 13 | 13.9
Spellcasting   | 5 8 9 |  9.1
Armour         | 3 7 9 |  9.9
Dodging        | 4 7 10 | 10.1
Shields        | 3 13 | 13.5

Action                   |  1- 3 |  4- 6 |  7- 9 | 10-12 | 13-15 | 16-18 || total
-------------------------+-------+-------+-------+-------+-------+-------++-------
Melee: Unarmed           |    81 |   111 |   264 |   390 |   841 |   592 ||  2279
       Bite              |    14 |    13 |    32 |    95 |   286 |   244 ||   684
       Punch             |     1 |       |     9 |    18 |    54 |    41 ||   123
       Kick              |     8 |    17 |       |       |       |       ||    25
       Headbutt          |     5 |     8 |       |       |       |       ||    13
       Whip              |       |       |       |     6 |    28 |       ||    34
       Staff             |       |       |       |       |    13 |    71 ||    84
 Cast: Beastly Appendage |    17 |    13 |       |       |       |       ||    30
       Spider Form       |       |     7 |    21 |       |     1 |       ||    29
       Blade Hands       |       |       |    21 |    52 |    78 |    60 ||   211
       Ice Form          |       |       |       |     6 |    15 |     3 ||    24
Evoke: Wand              |       |    17 |       |       |     7 |       ||    24
  Use: Potion            |       |     2 |     2 |       |     2 |     1 ||     7
       Scroll            |       |     1 |       |    11 |    15 |     9 ||    36
 Stab: Sleeping          |     1 |     1 |     1 |     1 |     4 |     1 ||     9
       Distracted        |       |       |       |       |     1 |     1 ||     2
       Petrified         |       |       |       |       |       |     5 ||     5
Armor: Robe              |     6 |     8 |    31 |    17 |       |       ||    62
       Skin              |       |     1 |     5 |    16 |    52 |     9 ||    83
       Leather armour    |       |       |       |    28 |       |       ||    28
       Steam dragon scal |       |       |       |     5 |   153 |       ||   158
       Troll leather arm |       |       |       |       |    74 |   154 ||   228
Dodge: Dodged            |    52 |    78 |   274 |   256 |   924 |   613 ||  2197
Block: Kite shield       |       |       |       |       |     2 |   125 ||   127
       Other             |       |       |       |       |       |    45 ||    45
       Reflection        |       |       |       |       |       |     9 ||     9

Table legend: (Time is in decaauts)
 A = Elapsed time spent in this place.
 B = Non-inter-level travel time spent in this place.
 C = Inter-level travel time spent in this place.
 D = Time resting spent in this place.
 E = Time spent auto-exploring this place.
 F = Levels seen in this place.
 G = Mean time per level.
                   A        B        C        D        E       F      G
               +--------+--------+--------+--------+--------+-----+--------+
         Total |  32392 |  30322 |   2070 |   5172 |  19534 |  28 | 1156.9 |
       Dungeon |  18137 |  17030 |   1107 |   2441 |  11663 |  15 | 1209.1 |
        Temple |    107 |     91 |     16 |      0 |     91 |   1 |  107.0 |
          Lair |   9142 |   8404 |    738 |   2354 |   4695 |   6 | 1523.7 |
     Snake Pit |   2778 |   2616 |    162 |    104 |   1913 |   3 |  926.0 |
  Orcish Mines |   1562 |   1516 |     46 |    110 |    973 |   2 |  781.0 |
      Gauntlet |    664 |    664 |      0 |    163 |    198 |   1 |  664.0 |
               +--------+--------+--------+--------+--------+-----+--------+

Top non-repeatable levels by time:
  Lair:3: 2533 daAuts
  Lair:6: 1852 daAuts
     D:6: 1667 daAuts
     D:2: 1563 daAuts
 Snake:2: 1546 daAuts
  Lair:2: 1482 daAuts
     D:7: 1478 daAuts
  Lair:1: 1366 daAuts
     D:9: 1348 daAuts
     D:8: 1270 daAuts
    D:15: 1193 daAuts
   Orc:2: 1168 daAuts
  Lair:5: 1150 daAuts
    D:14: 1143 daAuts
     D:4: 1125 daAuts
